 Dungeon Crawl Stone Soup version 0.21-a0-200-gb89f83b (webtiles) character file.

2569 Espgualade the Conjurer (level 9, 0/52 HPs)
             Began as a Tengu Ice Elementalist on Aug 16, 2017.
             Was a Follower of Vehumet.
             Succumbed to a scorpion's poison
             ... on level 8 of the Dungeon.
             The game lasted 00:29:48 (7057 turns).

Espgualade the Conjurer (Tengu Ice Elementalist)    Turns: 7057, Time: 00:29:48

Health: 0/52       AC:  4    Str:  8      XL:     9   Next: 57%
Magic:  19/20      EV: 14    Int: 18 (19) God:    Vehumet [*.....]
Gold:   424        SH:  0    Dex: 12 (15) Spells: 2/22 levels left

rFire    . . .     SeeInvis .   r - +1 flail (protect)
rCold    . . .     Gourm    .   (no shield)
rNeg     . . .     Faith    .   a - +1 robe
rPois    +         Spirit   .   (helmet restricted)
rElec    .         Reflect  .   s - +0 cloak
rCorr    .         Harm     .   (no gloves)
MR       .....                  (boots unavailable)
Stlth    ++++......             (no amulet)
HPRegen  0.17/turn              e - ring of stealth
MPRegen  0.17/turn              g - ring of poison resistance

@: lethally poisoned (0 -> -1), very slightly contaminated
A: beak, talons 3, able to fly 1
a: Fly, Renounce Religion


You were on level 8 of the Dungeon.
You worshipped Vehumet.
Vehumet was aware of your devotion.
You were not hungry.

You visited 2 branches of the dungeon, and saw 9 of its levels.

You collected 424 gold pieces.

Inventory:

Hand Weapons
 j - a +0 whip
 m - a +2 whip of freezing
 n - a +1 rapier of speed
 r - a +1 flail of protection (weapon)
Armour
 a - a +1 robe (worn)
 s - a +0 cloak (worn)
Jewellery
 e - a ring of stealth (left hand)
 g - a ring of poison resistance (right hand)
 u - an uncursed ring of fire
 y - an uncursed ring of flight {unknown}
Wands
 p - a wand of enslavement (18/24)
 A - a wand of scattershot (0/9)
Scrolls
 f - 2 scrolls of blinking
 h - a scroll of identify
 k - a scroll of random uselessness {unknown}
 w - a scroll of recharging {unknown}
 z - 2 scrolls of teleportation
Potions
 o - 3 potions of agility
 q - a potion of cancellation
Books
 b - a book of Frost

   Spells                             Type                      Level
   a - Freeze                         Ice                          1
   b - Throw Frost                    Conjuration/Ice              2
   c - Ozocubu's Armour               Charms/Ice                   3
   d - Throw Icicle                   Conjuration/Ice              4
   e - Summon Ice Beast               Ice/Summoning                4
 d - a book of Geomancy

   Spells                             Type                      Level
   a - Sandblast                      Earth                        1
   b - Passwall                       Transmutation/Earth          2
   c - Stone Arrow                    Conjuration/Earth            3
   d - Petrify                        Transmutation/Earth          4
   e - Lee's Rapid Deconstruction     Earth                        5
 v - a book of Flames

   Spells                             Type                      Level
   a - Flame Tongue                   Conjuration/Fire             1
   b - Throw Flame                    Conjuration/Fire             2
   c - Conjure Flame                  Conjuration/Fire             3
   d - Inner Flame                    Hexes/Fire                   3
   e - Sticky Flame                   Conjuration/Fire             4
   f - Fireball                       Conjuration/Fire             5
Comestibles
 c - a bread ration
 i - 2 royal jellies
 l - 2 chunks of flesh
 t - 2 meat rations


   Skills:
 - Level 4.0 Fighting
 - Level 5.0 Dodging
 - Level 5.0 Stealth
 - Level 7.0 Spellcasting
 - Level 7.0 Conjurations
 - Level 4.2 Summonings
 + Level 2.6 Fire Magic
 - Level 3.2 Ice Magic


You had 2 spell levels left.
You knew the following spells:

 Your Spells              Type           Power        Failure   Level  Hunger
a - Freeze                Ice            ###.         2%          1    None
b - Throw Frost           Conj/Ice       ###...       1%          2    None
c - Ozocubu's Armour      Chrm/Ice       ##......     17%         3    ##.....
d - Throw Icicle          Conj/Ice       ###.....     13%         4    ####...
e - Summon Ice Beast      Ice/Summ       ###.....     22%         4    ####...
f - Flame Tongue          Conj/Fire      ###..        1%          1    None
g - Fireball              Conj/Fire      ###.......   38%         5    #####..


Dungeon Overview and Level Annotations

Branches:
Dungeon (8/15)             Temple (1/1) D:4
   Lair: D:8-11

Altars:
Ashenzari
Cheibriados
Dithmenos
Elyvilon
Fedhas
Gozag
Hepliaklqana
Kikubaaqudgha
Makhleb
Nemelex Xobeh
Okawaru
Qazlal
Ru
Sif Muna
Trog
Uskayaw
Vehumet
Wu Jian
Xom
Yredelemnul
Zin
The Shining One

Annotations:
D:6 Menkaure
D:7 4 runed doors, Joseph


Innate Abilities, Weirdness & Mutations

You have a beak for a mouth.
You have claws for feet.
You can fly.


Message History

Evoking this partially-identified wand wasted a few charges.
* * * LOW HITPOINT WARNING * * *
You feel sick.
* * * LOW HITPOINT WARNING * * *
You feel sick.
* * * LOW HITPOINT WARNING * * *
You feel sick.
* * * LOW HITPOINT WARNING * * *
You feel sick.
* * * LOW HITPOINT WARNING * * *
You feel sick.
You eat one of the 3 royal jellies.
That royal jelly was delicious!
Okay, then.
* * * LOW HITPOINT WARNING * * *
You feel sick.
* * * LOW HITPOINT WARNING * * *
You feel sick.
* * * LOW HITPOINT WARNING * * *
You feel sick.
You die...

.........##.#.#.# #.# .#
...._...........# #†# ...
..........#...### #.# ##...
..#...#...#...#########.####.>...
#.##.##.###......................
........# #.#.#######............
.##...### #.#.# #.#.######...
.####.# ###.#.#######.#.######...
.###..###.......@...............
..........#.............########
####################...## ##.##
###


There were no monsters in sight!

Vanquished Creatures
  Pikel (D:4)
  Prince Ribbit (D:7)
  Duvessa (D:5)
  A phantom (D:5)
  A centaur (D:7)
  4 bullfrogs
  Dowan (D:5)
  6 scorpions
  5 crimson imps
  2 bullfrog zombies
  3 orc priests
  5 orc wizards
  A centaur skeleton (D:3)
  5 iguanas
  Ijyb (D:5)
  9 worker ants
  A worker ant zombie (D:5)
  4 adders
  A shadow imp (D:7)
  An ooze (D:1)
  An adder skeleton (D:4)
  5 dart slugs
  5 leopard geckos
  23 orcs
  7 bats
  7 giant cockroaches
  4 goblins
  7 hobgoblins
  4 jackals (D:1)
  3 kobolds
  3 quokkas
  2 ball pythons
  4 frilled lizards
  A leopard gecko skeleton (D:4)
  2 quokka skeletons
  5 rats
137 creatures vanquished.

Notes
Turn   | Place    | Note
-------+----------+-------------------------------------------
     0 | D:1      | Espgualade the Tengu Ice Elementalist began the quest for the Orb.
     0 | D:1      | Reached XP level 1. HP: 10/10 MP: 4/4
     9 | D:1      | Reached skill level 1 in Fighting
   147 | D:1      | Reached XP level 2. HP: 11/17 MP: 0/6
   623 | D:1      | Reached XP level 3. HP: 22/22 MP: 5/7
  1012 | D:1      | Learned a level 2 spell: Throw Frost
  1016 | D:1      | Learned a level 3 spell: Ozocubu's Armour
  1194 | D:2      | Reached XP level 4. HP: 19/28 MP: 5/8
  1728 | D:3      | Gained mutation: You can fly. [Tengu growth]
  1728 | D:3      | Reached XP level 5. HP: 20/33 MP: 3/9
  2312 | D:4      | Reached XP level 6. HP: 25/38 MP: 6/10
  2776 | D:4      | Noticed Pikel
  2793 | D:4      | Found a staircase to the Ecumenical Temple.
  2803 | Temple   | Entered the Ecumenical Temple
  3038 | Temple   | Became a worshipper of Vehumet
  3348 | D:5      | Entered Level 5 of the Dungeon
  3462 | D:5      | Reached XP level 7. HP: 22/43 MP: 7/11
  3584 | D:5      | Noticed Duvessa
  3697 | D:5      | Reached skill level 5 in Dodging
  3697 | D:5      | Reached skill level 5 in Stealth
  3843 | D:5      | Noticed Ijyb
  3880 | D:5      | Killed Ijyb
  4403 | D:4      | Killed Pikel
  4403 | D:4      | Reached skill level 5 in Conjurations
  4403 | D:4      | Reached XP level 8. HP: 43/48 MP: 6/15
  4572 | D:4      | Learned a level 4 spell: Throw Icicle
  4619 | D:5      | Learned a level 4 spell: Summon Ice Beast
  4643 | D:5      | Noticed Dowan
  4674 | D:5      | Killed Duvessa
  4685 | D:5      | Killed Dowan
  4685 | D:5      | Reached skill level 5 in Spellcasting
  5235 | D:6      | Noticed Menkaure
  5310 | D:6      | Reached skill level 1 in Summonings
  5321 | D:5      | Reached XP level 9. HP: 18/52 MP: 8/18
  5332 | D:5      | Reached * piety under Vehumet
  5332 | D:5      | Offered knowledge of Flame Tongue by Vehumet.
  5604 | D:5      | Learned a level 1 spell: Flame Tongue
  5906 | D:7      | Noticed Prince Ribbit
  6332 | D:7      | Found a huge runed gate.
  6333 | D:7      | Found a huge runed gate.
  6334 | D:7      | Found a huge runed gate.
  6334 | D:7      | Noticed a polar bear
  6335 | D:7      | Found a huge runed gate.
  6335 | D:7      | Noticed a polar bear
  6338 | D:7      | Noticed a polar bear
  6338 | D:7      | Noticed a polar bear
  6338 | D:7      | Noticed a polar bear
  6339 | D:7      | Noticed a polar bear
  6351 | D:7      | Noticed Joseph
  6383 | D:7      | Found a deep blue altar of Sif Muna.
  6593 | D:7      | Learned a level 5 spell: Fireball
  6623 | D:7      | Killed Prince Ribbit
  6805 | D:8      | Found an iron altar of Okawaru.
  6988 | D:8      | Reached skill level 1 in Fire Magic
  7043 | D:8      | HP: 2/52 [poisoned by a scorpion]
  7049 | D:8      | HP: 1/52 [poisoned by a scorpion]
  7057 | D:8      | Succumbed to a scorpion's poison

Vault maps used:
D:1:      dpeg_arrival_arbitrary_c
D:3:      first_bread, minivault_19
D:4:      minmay_temple_entry_glassed_door, uniq_pikel
D:5:      uniq_duvessa, uniq_ijyb
D:6:      serial_shops, kennysheep_little_box, st_stairs_4,
          minmay_tree_intersection, uniq_menkaure
D:7:      lemuel_bear_cage, kennysheep_mini, grunt_ogre_cave, uniq_joseph,
          uniq_prince_ribbit1
D:8:      minmay_lair_entry_grove, okawaru_gym_becter
Temple:   roderic_octagonal_lattice_temple

Skill      XL: |  1  2  3  4  5  6  7  8  9 |
---------------+----------------------------+-----
Fighting       | 1 2 3 4 |  4.0
Dodging        | 3 4 5 |  5.0
Stealth        | 3 4 5 |  5.0
Conjurations   | 5 7 |  7.0
Spellcasting   | 4 5 7 |  7.0
Ice Magic      | 3 |  3.2
Summonings     | 2 4 |  4.2
Fire Magic     | 2 |  2.6

Action                   |  1- 3 |  4- 6 |  7- 9 || total
-------------------------+-------+-------+-------++-------
Melee: Unarmed           |    33 |       |       ||    33
       Kick              |    14 |    32 |    33 ||    79
       Peck              |    11 |    20 |    27 ||    58
       Whip              |    25 |    57 |       ||    82
       Flail             |       |    93 |   173 ||   266
 Cast: Freeze            |    31 |    28 |    99 ||   158
       Ozocubu's Armour  |       |     2 |     3 ||     5
       Throw Frost       |       |     2 |    19 ||    21
       Summon Ice Beast  |       |       |     1 ||     1
Evoke: Wand              |       |       |     2 ||     2
  Use: Scroll            |       |     5 |     7 ||    12
       Potion            |       |     1 |     8 ||     9
 Stab: Sleeping          |     6 |    11 |     9 ||    26
       Invisible         |       |       |     1 ||     1
  Eat: Chunk             |     1 |     4 |     8 ||    13
       Bread ration      |       |     1 |     1 ||     2
       Fruit             |       |       |     1 ||     1
       Royal jelly       |       |       |     1 ||     1
Armor: Robe              |    12 |    39 |    65 ||   116
Dodge: Dodged            |    60 |   111 |   167 ||   338
